 Dungeon Crawl Stone Soup version 0.30-a0-777-ga9a30cbeda (webtiles) character file.

Game seed: 7175208956281326943

119 sircluck the Sneak (level 4, -5/23 HPs)
             Began as a Spriggan Brigand on Feb 13, 2023.
             Killed from afar by an acid dragon (28 damage)
             ... with a splash of acid
             ... on level 5 of the Dungeon.
             The game lasted 00:03:15 (960 turns).

sircluck the Sneak (Spriggan Brigand)                Turns: 960, Time: 00:03:15

Health: -5/23      AC:  3    Str:  7    XL:     4   Next: 74%
Magic:  5/5        EV: 17    Int: 12    God:
Gold:   20         SH:  0    Dex: 18    Spells: 3/3 levels left

rFire   . . .      SeeInvis +    a - +2 dagger
rCold   . . .      Faith    .    (no shield)
rNeg    . . .      Spirit   .    b - +0 robe
rPois   .          Reflect  .    (helmet restricted)
rElec   .          Harm     .    c - +0 cloak
rCorr   .          Rampage  .    (gloves unavailable)
Will    .....                    (boots unavailable)
Stlth   ++++                     (no amulet)
HPRegen 0.23/turn                (no ring)
MPRegen 0.09/turn                (no ring)

@: very quick
A: very small, no large weapons, unfitting armour, see invisible, speed 3
a: no special abilities


You were on level 5 of the Dungeon.
You visited 1 branch of the dungeon, and saw 6 of its levels.

You collected 20 gold pieces.

Inventory:

Hand Weapons
 a - a +2 dagger (weapon)
Missiles
 d - 11 poisoned darts (quivered)
 e - 3 curare-tipped darts
Armour
 b - a +0 robe (worn)
 c - a +0 cloak (worn)
Jewellery
 i - an amulet of faith
Scrolls
 f - a scroll of enchant weapon {unknown}
 g - a scroll of vulnerability {unknown}
 h - a scroll of enchant armour {unknown}
 k - a scroll of acquirement {unknown}
 l - a scroll of noise {unknown}
 m - a scroll of identify {unknown}
Potions
 j - a potion of curing {unknown}


   Skills:
 + Level 2.0 Fighting
 + Level 3.5 Short Blades
 + Level 2.3 Throwing
 + Level 2.3 Dodging
 + Level 7.4 Stealth


You had 3 spell levels left.
You didn't know any spells.
Your spell library contained the following spells:

 Spells                   Type           Power      Damage    Failure   Level
 Kiss of Death            Conj/Necr      0%         2d5       32%         1
 Confusing Touch          Hex            0%         N/A       69%         3
 Gell's Gravitas          Tloc           0%         N/A       69%         3
 Teleport Other           Tloc           0%         N/A       69%         3
 Dispel Undead            Necr           0%         3d6       97%         4
 Dispersal                Tloc           0%         N/A       100%        6


Dungeon Overview and Level Annotations

Branches:
Dungeon (6/15)
 Temple: D:4-7

Altars:

Shops:
D:5 :?


Innate Abilities, Weirdness & Mutations

You are very small and have problems with some larger weapons.
You are too small for most types of armour.
You have supernaturally acute eyesight. (SInv)
You cover ground extremely quickly. (Speed+++)


Message History

The scorpion is poisoned.
You throw a poisoned dart.
The poisoned dart barely misses the scorpion.
You hit the scorpion but do no damage.
The scorpion is moderately wounded.
The scorpion misses you.
You hit the scorpion.
The scorpion is heavily wounded.
The scorpion barely misses you.
You barely miss the scorpion.
The scorpion is heavily wounded.
The scorpion stings you.
You hit the scorpion.
The scorpion is severely wounded.
The scorpion misses you.
You hit the scorpion.
The scorpion is almost dead.
The scorpion stings you but does no damage.
You barely miss the scorpion.
The scorpion is almost dead.
The scorpion stings you but does no damage.
You hit the scorpion but do no damage.
The scorpion is almost dead.
You kill the scorpion!
Your Fighting skill increases to level 2!
Your Dodging skill increases to level 2!
Your Stealth skill increases to level 7!
You have reached level 4!
You see here a scorpion corpse.
d - 11 poisoned darts (gained 1)
d - 12 poisoned darts (gained 1) HP restored.
There is an entrance to Ulemek's Book Shop here.
An acid dragon comes into view.
You throw a poisoned dart. The poisoned dart hits the acid dragon.
The acid dragon roars!
The acid dragon spits acid at you. The splash of acid hits you!!
Ouch! That really hurt!
You die...

#.# D# #.# .# ##'## .#
##...# .#### ##...$.
###.##.## ##...... ###
#...#...####.......
....##..##......'.......
#....@##...####.......
#....∩....## ##......
#.###.....# ##..... ..
###..##.# ##..># .
#.#..##.# #....
#†##.##.# #.#..
#.##.##.# #..#.
#.......# .. .∩
####.#### ##. #.


You could see an acid dragon (catching breath).

Vanquished Creatures
  A scorpion (D:5)
  An orc wizard (D:5)
  3 orcs
  A ball python (D:1)
  2 bats (D:1)
  An endoplasm (D:1)
  3 giant cockroaches (D:1)
  5 hobgoblins
  3 kobolds (D:1)
  3 quokkas (D:1)
  A frilled lizard (D:1)
  2 goblins (D:1)
26 creatures vanquished.

Notes
Turn   | Place    | Note
-------+----------+-------------------------------------------
     0 | D:1      | sircluck the Spriggan Brigand began the quest for the Orb.
     0 | D:1      | Reached XP level 1. HP: 10/10 MP: 2/2
    35 | D:1      | Reached skill level 6 in Stealth
   164 | D:1      | Reached XP level 2. HP: 8/14 MP: 3/3
   745 | D:5      | Entered Level 5 of the Dungeon
   750 | D:5      | Reached XP level 3. HP: 18/18 MP: 4/4
   762 | D:5      | Noticed a phantom
   807 | D:5      | Found Yqos's Magic Scroll Boutique.
   820 | D:6      | Noticed a scorpion
   911 | D:5      | Found Ulemek's Book Shop.
   940 | D:5      | Killed a scorpion
   941 | D:5      | Reached skill level 7 in Stealth
   941 | D:5      | Reached XP level 4. HP: 20/23 MP: 5/5
   959 | D:5      | Noticed an acid dragon
   960 | D:5      | Killed from afar by an acid dragon

Illustrated notes

Levels and vault maps discovered:
D:1:      sevenhm_arrival_forest_fort_small_5, layout_basic
D:2:      layout_basic
D:3:      layout_basic, roderic_lattice_a, minmay_liquid_box, uniq_sigmund,
          uniq_grinder
D:4:      minmay_general_purpose_star, layout_rooms, lemuel_doored_altar,
          serial_shops, nicolae_shop_overgrown_old_shop, uniq_ijyb,
          uniq_crazy_yiuf_cottage
D:5:      layout_loops_corners, serial_shops, nicolae_shop_advertising_works
          [nicolae_subvault_shop_adworks], kennysheep_mini_moat,
          nicolae_square_shop
D:6:      layout_cave_pools, grunt_temple_overflow_opulence,
          overflow_temple_1_default, minmay_temple_entry_hall, serial_shops,
          nicolae_shop_hallway_stairs, kennysheep_nondescript,
          minmay_small_thing

Skill      XL: |  1  2  3 |
---------------+----------+-----
Stealth        | 6 7 |  7.4
Short Blades   | 3 |  3.5
Fighting       | 2 |  2.0
Dodging        | 2 |  2.3
Throwing       | |  2.3

Action                     |  1- 3 |  4- 6 || total
---------------------------+-------+-------++-------
  Melee: Dagger            |    99 |       ||    99
  Throw: Dart              |     7 |     1 ||     8
   Stab: Sleeping          |     9 |       ||     9
 Armour: Robe              |    13 |       ||    13
  Dodge: Dodged            |    63 |       ||    63

Table legend: (Time is in decaauts)
 A = Elapsed time spent in this place.
 B = Non-inter-level travel time spent in this place.
 C = Inter-level travel time spent in this place.
 D = Time resting spent in this place.
 E = Time spent auto-exploring this place.
 F = Levels seen in this place.
 G = Mean time per level.
                   A        B        C        D        E       F      G
               +--------+--------+--------+--------+--------+-----+--------+
         Total |    652 |    649 |      3 |      0 |    319 |   6 |  108.7 |
       Dungeon |    652 |    649 |      3 |      0 |    319 |   6 |  108.7 |
               +--------+--------+--------+--------+--------+-----+--------+

Top non-repeatable levels by time:
     D:1: 437 daAuts
     D:5: 125 daAuts
     D:2: 66 daAuts
     D:6: 15 daAuts
     D:3: 4 daAuts
     D:4: 3 daAuts
